 Dungeon Crawl Stone Soup version 0.23.2-11-gf996548 (webtiles) character file.

Game seed: 69760005894498724

2926 Fang the Fighter (level 9, -3/59 HPs)
             Began as a Gargoyle Berserker on June 3, 2019.
             Was an Elder of Trog.
             Slain by a warg (8 damage)
             ... on level 9 of the Dungeon.
             The game lasted 00:04:25 (5276 turns).

Fang the Fighter (Gargoyle Berserker)               Turns: 5276, Time: 00:04:25

Health: -3/59      AC: 19    Str: 27    XL:     9   Next: 79%
Magic:  9/9        EV: 11    Int:  5    God:    Trog [****..]
Gold:   248        SH:  0    Dex:  9    Spells: 8/8 levels left

rFire    . . .     SeeInvis .   y - +0 war axe (flame)
rCold    . . .     Gourm    .   (no shield)
rNeg     + . .     Faith    .   b - +0 chain mail
rPois    ∞         Spirit   .   s - +2 hat
rElec    +         Reflect  .   (no cloak)
rCorr    .         Harm     .   (no gloves)
MR       .....                  (no boots)
Stlth    ..........             (no amulet)
HPRegen  0.19/turn              r - -3 ring of intelligence (curse)
MPRegen  0.11/turn              j - +3 ring of strength

@: berserk cooldown, slowed, very slow
A: negative energy resistance 1, electricity resistance, unbreathing,
petrification resistance, rot immunity, AC +6
a: Berserk, Trog's Hand, Brothers in Arms, Renounce Religion


You were on level 9 of the Dungeon.
You worshipped Trog.
Trog was greatly pleased with you.
You were very hungry.

You visited 1 branch of the dungeon, and saw 7 of its levels.

You collected 248 gold pieces.

Inventory:

Hand Weapons
 a - a +0 hand axe
 y - a +0 war axe of flaming (weapon)
Armour
 b - a +0 chain mail (worn)
 s - a +2 hat (worn)
Jewellery
 f - an uncursed ring of magical power
 j - a +3 ring of strength (right hand)
 r - a cursed -3 ring of intelligence (left hand)
Wands
 k - a wand of random effects (21)
 q - a wand of scattershot (10)
 v - a wand of digging (5)
Scrolls
 d - 2 scrolls of enchant weapon {unknown}
 e - 3 scrolls of magic mapping {unknown}
 h - 2 scrolls of teleportation {unknown}
 l - 2 scrolls of identify {unknown}
 m - 4 scrolls of enchant armour {unknown}
 p - a scroll of noise {unknown}
 t - a scroll of remove curse {unknown}
 B - 2 scrolls of blinking {unknown}
 D - a scroll of amnesia {unknown}
 E - a scroll of immolation {unknown}
Potions
 g - 2 potions of might {unknown}
 i - 2 potions of heal wounds {unknown}
 n - a potion of berserk rage
 o - a potion of brilliance {unknown}
 u - a potion of cancellation {unknown}
 w - a potion of magic {unknown}
 x - a potion of degeneration {unknown}
 z - 2 potions of flight {unknown}
 A - 2 potions of curing
 C - a potion of haste {unknown}
 G - a potion of agility {unknown}
 H - a potion of lignification {unknown}
Comestibles
 c - 6 rations
 F - 7 chunks of flesh


   Skills:
 + Level 8.0 Fighting
 + Level 6.6 Axes
 + Level 7.5 Armour
 + Level 5.7 Dodging


You had 8 spell levels left.
You didn't know any spells.
Your spell library was empty.

Dungeon Overview and Level Annotations

Branches:
Dungeon (6/15)               Lair (0/6) D:9
 Temple: D:4-7

Altars:
Cheibriados
Fedhas
Gozag
Hepliaklqana
Xom

Shops:
D:4 }   D:6 (

Annotations:
D:9 2 transporters


Innate Abilities, Weirdness & Mutations

You are resistant to torment.
Your stone body is resilient. (AC +6)
You are immune to poison.
You resist negative energy. (rN+)
You are resistant to electric shocks. (rElec)
You can survive without breathing.
You are immune to petrification.
You are immune to rotting.


Message History

You closely miss the warg. The warg bites you but does no damage.
The orc warrior hits you but does no damage.
You slash the orc warrior! You burn the orc warrior.
You kill the orc warrior!
Trog accepts your kill.
Your Fighting skill increases to level 8!
You hit the warg. You burn the warg. The warg bites you!
* * * LOW HITPOINT WARNING * * *
You barely miss the warg.
The warg is severely wounded.
The warg bites you but does no damage.
You hit the warg. You burn the warg.
The warg is severely wounded.
You are no longer berserk.
You are exhausted.
You feel yourself slow down. The warg bites you but does no damage.
You closely miss the warg.
The warg is severely wounded.
The warg bites you but does no damage. The warg bites you!
You die...

..###...###....P
$........#......
.................
...............>.
................
..............
........)))#
.......)h@)#
........)).#
...[...))).#
.#####....## ....
#...## ...... #...#
....... .. #...##
##......#
...#####....###......#
.....................#


You could see a warg.

Vanquished Creatures
  Pikel (D:5)
  Grinder (D:3)
  Menkaure (D:4)
  The ghost of Vulpanium the Covert, an amateur OpAs (D:4)
  A warg (D:9)
  Duvessa (D:4)
  4 slaves (D:5)
  An orc warrior (D:9)
  An ice beast (D:6)
  A phantom (D:9)
  3 centaurs
  3 bullfrogs
  A wyvern zombie (D:6)
  Dowan (D:4)
  4 wights (D:9)
  2 crimson imps
  A quasit (D:9)
  2 hounds (D:9)
  3 orc priests (D:9)
  3 orc wizards (D:9)
  Ijyb (D:3)
  2 centaur skeletons
  Terence (D:3)
  Natasha (thrice) (D:4)
  2 worker ants
  A hound zombie (D:6)
  Robin (D:3)
  7 adders
  4 gnolls (D:6)
  2 howler monkey skeletons (D:4)
  A shadow imp (D:6)
  An ooze (D:3)
  3 worms
  3 dart slugs
  A leopard gecko (D:9)
  20 orcs
  4 giant cockroaches
  12 goblins
  8 hobgoblins
  6 jackals
  2 quokkas
  A ball python (D:2)
  4 bats
  4 frilled lizards
  A giant cockroach zombie (D:5)
  3 kobolds
  A quokka skeleton (D:4)
  6 rats
141 creatures vanquished.

Vanquished Creatures (others)
  7 toadstools (D:1)
7 creatures vanquished.

Grand Total: 148 creatures vanquished

Notes
Turn   | Place    | Note
-------+----------+-------------------------------------------
     0 | D:1      | Fang the Gargoyle Berserker began the quest for the Orb.
     0 | D:1      | Reached XP level 1. HP: 14/14 MP: 1/1
   512 | D:1      | Reached XP level 2. HP: 19/19 MP: 2/2
  1149 | D:2      | Reached XP level 3. HP: 23/23 MP: 3/3
  1681 | D:2      | Reached ** piety under Trog
  1731 | D:2      | Found a hazy altar of Hepliaklqana.
  2079 | D:3      | Noticed Ijyb
  2110 | D:3      | Killed Ijyb
  2110 | D:3      | Reached skill level 4 in Fighting
  2110 | D:3      | Reached XP level 4. HP: 19/29 MP: 4/4
  2418 | D:3      | Noticed Robin
  2429 | D:3      | Killed Robin
  2429 | D:3      | Reached XP level 5. HP: 17/33 MP: 5/5
  2605 | D:3      | Noticed Grinder
  2614 | D:3      | Paralysed by Grinder for 6 turns
  2623 | D:3      | Killed Grinder
  2623 | D:3      | Reached XP level 6. HP: 17/40 MP: 6/6
  3028 | D:3      | Noticed Terence
  3047 | D:3      | Killed Terence
  3167 | D:4      | Noticed Natasha
  3187 | D:4      | Killed Natasha
  3357 | D:4      | Reached skill level 5 in Fighting
  3370 | D:4      | Noticed Duvessa
  3370 | D:4      | Noticed Dowan
  3386 | D:4      | Killed Duvessa
  3386 | D:4      | Reached XP level 7. HP: 44/44 MP: 7/7
  3399 | D:4      | Killed Dowan
  3409 | D:4      | Noticed Natasha
  3427 | D:4      | Killed Natasha
  3491 | D:4      | Noticed Natasha
  3507 | D:4      | Killed Natasha
  3628 | D:4      | Noticed Menkaure
  3631 | D:4      | Found Duguima's Gadget Boutique.
  3642 | D:4      | Killed Menkaure
  3642 | D:4      | Reached skill level 5 in Armour
  3802 | D:4      | Found a runed translucent door.
  3803 | D:4      | Noticed Vulpanium's ghost (amateur OpAs)
  3817 | D:4      | Killed Vulpanium's ghost
  3817 | D:4      | Reached *** piety under Trog
  3817 | D:4      | Reached XP level 8. HP: 51/51 MP: 8/8
  4071 | D:5      | Entered Level 5 of the Dungeon
  4105 | D:5      | Reached skill level 6 in Fighting
  4105 | D:5      | Reached skill level 5 in Axes
  4265 | D:5      | Noticed Pikel
  4286 | D:5      | Killed Pikel
  4328 | D:5      | Found a shimmering altar of Xom.
  4329 | D:5      | Found a shimmering altar of Xom.
  4336 | D:5      | Found a shimmering altar of Xom.
  4337 | D:5      | Found a shimmering altar of Xom.
  4337 | D:5      | Found a shimmering altar of Xom.
  4607 | D:6      | Found Eplinuod's Weapon Shoppe.
  4611 | D:6      | Reached XP level 9. HP: 56/56 MP: 9/9
  4617 | D:6      | Reached skill level 7 in Fighting
  4645 | D:6      | Reached skill level 5 in Dodging
  4737 | D:6      | Reached **** piety under Trog
  4761 | D:6      | You fall through a shaft for 3 floors!
  5150 | D:9      | Found a transporter.
  5167 | D:9      | Found a transporter.
  5176 | D:9      | Noticed a centaur warrior
  5179 | D:9      | Found an opulent altar of Gozag.
  5179 | D:9      | Found a blossoming altar of Fedhas.
  5179 | D:9      | Found a snail-covered altar of Cheibriados.
  5251 | D:9      | Found a staircase to the Lair.
  5273 | D:9      | Reached skill level 8 in Fighting
  5276 | D:9      | Slain by a warg

Skill      XL: |  1  2  3  4  5  6  7  8  9 |
---------------+----------------------------+-----
Axes           | 3 4 5 6 |  6.6
Dodging        | 2 3 4 5 |  5.7
Armour         | 3 4 5 6 7 |  7.5
Fighting       | 4 5 6 8 |  8.0

Action                   |  1- 3 |  4- 6 |  7- 9 || total
-------------------------+-------+-------+-------++-------
Melee: Hand axe          |   149 |   100 |    92 ||   341
       War axe           |       |       |   183 ||   183
Invok: Berserk           |       |     3 |     4 ||     7
  Eat: Chunk             |     4 |     6 |    10 ||    20
Armor: Animal skin       |    43 |    29 |       ||    72
       Chain mail        |       |    13 |   246 ||   259
       Skin              |       |     6 |       ||     6
Dodge: Dodged            |   103 |    62 |   191 ||   356
